 Dungeon Crawl Stone Soup version 0.26-a0-1040-gbe3abf3417 (webtiles) character file.

Game seed: 8732864895512270133

48 sahdkjhfkaj the Covert (level 3, -5/18 HPs)
             Began as a Spriggan Brigand on Dec 12, 2020.
             Slain by an ogre
             ... wielding a cursed +0 giant spiked club
              (16 damage)
             ... on level 2 of the Dungeon.
             The game lasted 00:01:24 (1309 turns).

sahdkjhfkaj the Covert (Spriggan Brigand)           Turns: 1309, Time: 00:01:25

Health: -5/18      AC:  3    Str:  6 (7)  XL:     3   Next: 50%
Magic:  4/4        EV: 17    Int: 10 (12) God:
Gold:   48         SH:  0    Dex: 17 (18) Spells: 2/2 levels left

rFire    . . .     SeeInvis +   a - +1 dagger (vamp)
rCold    . . .     Faith    .   (shield restricted)
rNeg     . . .     Spirit   .   b - +0 robe
rPois    .         Reflect  .   (helmet restricted)
rElec    .         Harm     .   c - +0 cloak
rCorr    .         Rampage  .   (gloves unavailable)
Will     .....                  (boots unavailable)
Stlth    ++++......             (no amulet)
HPRegen  0.06/turn              (no ring)
MPRegen  0.09/turn              (no ring)

@: lethally poisoned (-5 -> -14), very quick
A: very small, unfitting armour, see invisible, speed 3
a: no special abilities


You were on level 2 of the Dungeon.
You visited 1 branch of the dungeon, and saw 2 of its levels.

You collected 48 gold pieces.

Inventory:

Hand Weapons
 a - a +1 vampiric dagger (weapon)
Missiles
 d - 8 poisoned darts (quivered)
 e - 2 curare-tipped darts
Armour
 b - a +0 robe (worn)
 c - a +0 cloak (worn)
 n - a +0 buckler
Jewellery
 f - a cursed amulet of inaccuracy {unknown}
Scrolls
 h - a scroll of immolation {unknown}
 i - a scroll of blinking {unknown}
 j - 2 scrolls of remove curse {unknown}
 k - a scroll of magic mapping {unknown}
Potions
 m - a potion of haste {unknown}


   Skills:
 - Level 1.5 Fighting
 - Level 2.1 Short Blades
 - Level 2.0 Throwing
 - Level 1.5 Dodging
 + Level 8.0 Stealth


You had 2 spell levels left.
You didn't know any spells.
Your spell library was empty.

Dungeon Overview and Level Annotations

Branches:
Dungeon (2/15)

Altars:


Innate Abilities, Weirdness & Mutations

You are very small and have problems with some larger weapons.
You are too small for most types of armour.
You have supernaturally acute eyesight. (SInv)
You cover ground extremely quickly.


Message History

You feel less invigorated.
You feel less confused. The adder closely misses you.
You miss the adder.
The adder is almost dead.
You feel sick. The adder barely misses you.
The jackal bites you but does no damage.
The adder bites you.
You are more poisoned.
The adder poisons you!
You miss the adder.
The adder is almost dead.
You feel sick. The jackal barely misses you. The adder closely misses you.
The jackal barely misses you.
You miss the adder.
The adder is almost dead.
The adder barely misses you. The jackal bites you.
The ogre hits you with a cursed +0 giant spiked club!
Ouch! That really hurt!
You die...

#.###..............# #
#.............
###.........#.#####
+...#####.........###
# ###.# ##.......#.[
## #.# #....#..#.#
#####.# ##..#...#.###
......####......#....#
.........#.#....@.###w
......##......#OhS..#
......†..........#.#.#
....)<####.....#).#.##
...[..# ##.....#..##
......# ##.........
##.#### #.#...#.### #.
##...# .. ## #... ...


You could see an ogre, an adder and a jackal.

Vanquished Creatures
  An ooze (D:1)
  A leopard gecko (D:1)
  8 bats
  2 giant cockroaches
  9 goblins
  A hobgoblin (D:1)
  5 kobolds (D:1)
  6 frilled lizards
  5 rats
38 creatures vanquished.

Notes
Turn   | Place    | Note
-------+----------+-------------------------------------------
     0 | D:1      | sahdkjhfkaj the Spriggan Brigand began the quest for the
                  | Orb.
     0 | D:1      | Reached XP level 1. HP: 10/10 MP: 2/2
    16 | D:1      | Reached skill level 6 in Stealth
   281 | D:1      | Reached XP level 2. HP: 14/14 MP: 3/3
   379 | D:1      | Reached skill level 7 in Stealth
   477 | D:1      | Reached XP level 3. HP: 3/18 MP: 4/4
  1253 | D:2      | Reached skill level 8 in Stealth
  1280 | D:2      | Noticed an ogre
  1309 | D:2      | Slain by an ogre

Illustrated notes

Levels and vault maps discovered:
D:1:      enne_arrival_octagon_isle, layout_loops_cross, minmay_three_crescents
D:2:      layout_rooms, lemuel_doored_altar, minmay_increasing_density,
          uniq_terence

Skill      XL: |  1  2  3 |
---------------+----------+-----
Stealth        | 6 7 8 |  8.0
Fighting       | |  1.5
Short Blades   | |  2.1
Throwing       | |  2.0
Dodging        | |  1.5

Action                   || total
-------------------------++-------
Melee: Dagger            ||   122
  Use: Potion            ||     2
 Stab: Sleeping          ||    12
Armor: Robe              ||    26
Dodge: Dodged            ||   120

Table legend: (Time is in decaauts)
 A = Elapsed time spent in this place.
 B = Non-inter-level travel time spent in this place.
 C = Inter-level travel time spent in this place.
 D = Time resting spent in this place.
 E = Time spent auto-exploring this place.
 F = Levels seen in this place.
 G = Mean time per level.
                   A        B        C        D        E       F      G
               +--------+--------+--------+--------+--------+-----+--------+
         Total |   1043 |   1000 |     43 |      0 |    805 |   2 |  521.5 |
       Dungeon |   1043 |   1000 |     43 |      0 |    805 |   2 |  521.5 |
               +--------+--------+--------+--------+--------+-----+--------+

Top non-repeatable levels by time:
     D:1: 993 daAuts
     D:2: 49 daAuts
